 Dungeon Crawl Stone Soup version 0.20-a0-208-g55166f7 (webtiles) character file.

284353 shitimlost the Warrior (level 20, -7/137 HPs)
             Began as a Gargoyle Gladiator on Nov 25, 2016.
             Was a High Priest of Qazlal.
             Killed by Lee's Rapid Deconstruction
             ... invoked by a deep troll earth mage
              (14 damage)
             ... on level 1 of the Depths on Nov 26, 2016.
             The game lasted 03:14:54 (44913 turns).

shitimlost the Warrior (Gargoyle Gladiator)        Turns: 44913, Time: 03:14:54

Health: -7/137     AC: 40    Str: 26    XL:     20   Next: 58%
Magic:  0/38       EV: 19    Int: 13    God:    Qazlal [*****.]
Gold:   599        SH:  6    Dex: 19    Spells: 11/19 levels left

rFire  . . .     SeeInvis .     Z - +4 lajatang (distort)
rCold  + . .     Gourm    .     Y - +4 ring mail "Lynte" {*Drain Dex+3}
rNeg   + . .     Faith    .     (shield currently unavailable)
rPois  ∞         Spirit   +     c - +2 helmet
rElec  +         Reflect  .     S - +2 cloak
rCorr  .         Harm     .     w - +2 pair of gloves
MR     ++...                    v - +2 pair of boots
Stlth  +.........               o - amulet of guardian spirit
                                g - ring "Xauss" {rPois rC+ MR+ Int+4 Slay+2}
                                X - ring of Light {MP+9 Dex+4}

@: flying, very slightly contaminated, hasted, repel missiles, very quick
A: big wings, negative energy resistance 1, electricity resistance, unbreathing,
petrification resistance, rot immunity, AC +15
}: 2/15 runes: serpentine, barnacled
a: Stop Flying, Upheaval, Elemental Force, Disaster Area, Renounce Religion


You were on level 1 of the Depths.
You worshipped Qazlal.
Qazlal was extremely pleased with you.
You were not hungry.

You visited 8 branches of the dungeon, and saw 35 of its levels.

You collected 3559 gold pieces.
You spent 2960 gold pieces at shops.

Inventory:

Hand Weapons
 Z - a +4 lajatang of distortion (weapon)
Missiles
 d - 9 javelins of returning
 i - 4 tomahawks of returning
 p - 6 silver javelins
 B - 38 tomahawks
 D - 15 steel javelins
 M - 2 throwing nets (quivered)
Armour
 c - a +2 helmet (worn)
 v - a +2 pair of boots (worn)
 w - a +2 pair of gloves (worn)
 F - a +0 chain mail
 S - a +2 cloak (worn)
 Y - the +4 ring mail "Lynte" (worn) {*Drain Dex+3}
   (You found it on level 10 of the Dungeon)

   It affects your dexterity (+3).
   It causes draining when unequipped.
Jewellery
 g - the ring "Xauss" (right hand) {rPois rC+ MR+ Int+4 Slay+2}
   (You found it on level 6 of the Dungeon)

   [ring of protection from magic]

   It affects your intelligence (+4).
   It affects your accuracy and damage with ranged weapons and melee attacks
   (+2).
   It protects you from cold.
   It protects you from poison.
   It affects your resistance to hostile enchantments.
 o - an amulet of guardian spirit (around neck)
 x - an uncursed ring of resist corrosion
 y - an uncursed ring of protection from fire
 C - an uncursed ring of see invisible {unknown}
 P - an uncursed ring of protection from magic
 X - the ring of Light (left hand) {MP+9 Dex+4}
   (You bought it in a shop on level 10 of the Dungeon)

   [ring of magical power]

   It affects your dexterity (+4).
   It affects your magic capacity (+9).
Wands
 a - a wand of disintegration (0/24)
 j - a wand of iceblast (0/15)
 l - a wand of digging (14/24)
 z - a wand of hasting (4/9)
 E - a wand of teleportation (4/9)
 H - a wand of acid (3/15)
 K - a wand of digging (12/24)
 N - a wand of acid (0/15)
 R - a wand of flame (19/48)
Scrolls
 h - 2 scrolls of magic mapping
 k - 4 scrolls of recharging
 n - a scroll of summoning
 r - 16 scrolls of remove curse
 t - 5 scrolls of fog
 L - 2 scrolls of holy word
 Q - a scroll of enchant armour
 U - a scroll of silence
 V - 5 scrolls of identify
Potions
 e - 8 potions of might
 q - a potion of magic
 G - a potion of haste
 I - a potion of heal wounds
Miscellaneous
 b - a phial of floods
 u - a disc of storms
 A - a lamp of fire
 J - a fan of gales
 W - 3 phantom mirrors
Comestibles
 f - 28 bread rations
 O - 12 chunks of flesh
 T - 9 beef jerkies


   Skills:
 - Level 18.4 Fighting
 - Level 14.5 Staves
   Level 7.0(10.9) Slings
 - Level 13.0(13.6) Throwing
 - Level 10.0 Armour
 + Level 10.2 Dodging
 + Level 14.1 Earth Magic
 - Level 12.0 Invocations
 - Level 10.8 Evocations


You had 11 spell levels left.
You knew the following spells:

 Your Spells              Type           Power        Failure   Level  Hunger
a - Stone Arrow           Conj/Erth      ###...       10%         3    ####...
b - Lee's Rapid Deconstr  Erth           #####.....   3%          5    ######.


Dungeon Overview and Level Annotations

Branches:
Dungeon (15/15)            Temple (1/1) D:5            Lair (6/6) D:11
 Shoals (4/4) Lair:3        Snake (4/4) Lair:4        Slime (0/5) Lair:6
    Orc (2/2) D:12            Elf (2/3) Orc:2        Vaults (0/5) D:13
 Depths (1/5) D:15

Altars:
Cheibriados
Dithmenos
Elyvilon
Fedhas
Gozag
Hepliaklqana
Kikubaaqudgha
Makhleb
Nemelex Xobeh
Okawaru
Qazlal
Ru
Sif Muna
Trog
Vehumet
Xom
Yredelemnul
Zin
The Shining One
Jiyva
Lugonu

Shops:
D:10 =   D:11 *   D:13 %   Orc:2 *:!=   Elf:1 }}=   Snake:3 :

Portals:
Abyss: Depths:1
Pandemonium: Depths:1

Annotations:
Elf:2 Saint Roka
Abyss:1 Asterion


Innate Abilities, Weirdness & Mutations

You are resistant to torment.
Your stone body is resilient. (AC +15)
You are immune to poison.
Your large and strong wings let you fly indefinitely.
You resist negative energy. (rN+)
You are resistant to electric shocks. (rElec)
You can survive without breathing.
You are immune to petrification.
You are immune to rotting.


Message History

Press: ? - help, Dir - move target cursor You can't see that place. [the floor.]
You can't see that place.
Okay, then.
Blink to where?
Press: ? - help, Dir - move target cursor You are very lightly contaminated with residual magic.
As you read the scroll of blinking, it crumbles to dust.
The green very ugly thing gurgles horribly!
The centaur warrior shouts!
The slime creature quivers.
The deep troll earth mage shouts!
The deep troll shaman shouts!
The red very ugly thing gurgles horribly!
The ettin shouts in stereo!
You feel yourself speed up.
The centaur warrior shoots an arrow.
You block the arrow.
The deep troll earth mage casts a spell at you.
You shatter!
You die...

,,,,,***,,,****#......#####,,,,,,
,,,,,,,,,,,* #......#§..###,,,,
,,,,,,,,,,,* #......§C....##,,,
,,,,,,,,,.,* #......#......##,,
,,,,,,,,,..#####....T.'...8...##,
.....,,,,.............#........##
.....,,,,.........D...####......#
....,,,,,.....§§....[#######..8..
...,,,,,........@...D#...........
.#***#........§..§C#.'c..........
.# #.............T##...8..8.>.8
.# #............u#C............
.# #.....#......uT.#...........
.#####....###....JT..#######..8..
...........#..........####......#
...............)..T..p#........##
...........[.........(....8...##*


You could see a juggernaut, 2 very ugly things, a fire dragon, an ice dragon, a
stone giant, an ettin, a slime creature, a centaur warrior, 4 deep trolls, a
deep troll earth mage and a necromancer.

Vanquished Creatures
  Vashnia (Snake:4)
  Jorgrun (Shoals:3)
  2 krakens (Shoals:3)
  7 nagarajas
  A fire giant (Depths:1)
  Ilsuiw (Shoals:4)
  A deep elf sorcerer (Elf:2)
  Louise (Snake:3)
  Azrael (Elf:1)
  4 merfolk javelineers
  Snorg (Lair:3)
  2 ettins (Depths:1)
  A deep elf death mage (Elf:1)
  7 merfolk impalers
  A fire dragon (shapeshifter) (D:15)
  A yaktaur captain (D:15)
  A vault guard (D:13)
  2 ice dragons (Depths:1)
  10 naga warriors
  3 merfolk avatars (Shoals:2)
  An alligator snapping turtle (Shoals:4)
  7 hydras
  2 centaur warriors
  12 anacondas
  2 catoblepae
  A death knight (D:13)
  An anaconda (shapeshifter) (Elf:1)
  3 ogre magi
  11 dancing weapons
  The ghost of VonBacon the Basher, a journeyman FoFi of Okawaru (D:11)
  6 satyrs
  4 merfolk aquamancers
  4 death yaks
  3 tengu warriors
  2 deep troll shamans (Depths:1)
  6 orc high priests
  19 naga sharpshooters
  8 shock serpents
  A deep troll earth mage (D:15)
  A vampire mage (Depths:1)
  7 deep elf knights
  Nergalle (Lair:4)
  A spriggan berserker (Depths:1)
  3 salamander mystics
  The ghost of tboon the Cleaver, a novice MiFi of Okawaru (D:7)
  A death drake (shapeshifter) (D:15)
  2 glowing orange brains
  3 deep trolls (Depths:1)
  A flayed ghost (Depths:1)
  30 sea snakes
  2 unseen horrors
  2 wizards (D:13)
  6 deep elf archers
  4 hill giants
  8 naga ritualists
  A necromancer (D:13)
  8 harpies
  4 orc knights (Orc:2)
  7 mana vipers
  An orc sorcerer (Orc:1)
  9 ugly things
  34 deep elf magi
  15 fauns
  6 cyclopes
  9 manticores
  9 merfolk sirens
  9 salamanders
  28 black mambas
  21 elephants
  A guardian serpent (shapeshifter) (Elf:2)
  12 water nymphs
  6 guardian serpents
  An ice statue (Shoals:1)
  2 gargoyles
  2 molten gargoyles (Lair:4)
  12 naga magi
  Joseph (D:7)
  15 spiny frogs
  4 centaur skeletons
  2 kobold demonologists (D:14)
  3 yaktaurs
  A rime drake (shapeshifter) (D:14)
  2 freezing wraiths
  6 komodo dragons
  29 merfolk
  7 wind drakes
  14 trolls
  2 polar bears (Lair:6)
  A meliai (shapeshifter) (Depths:1)
  4 two-headed ogres (D:15)
  5 hornets
  A hornet (shapeshifter) (D:6)
  13 snapping turtles
  34 dream sheep
  16 hippogriffs
  A dream sheep (shapeshifter) (D:15)
  14 blink frogs
  4 slime creatures (D:15)
  13 spriggans
  8 fire elementals
  6 wyverns
  15 water elementals
  The ghost of gressup the Ducker, an amateur FeTm of Okawaru (D:5)
  20 humans (D:13)
  30 yaks
  A vampire (D:15)
  2 basilisks
  A basilisk (shapeshifter) (D:13)
  A steam dragon (D:12)
  2 hungry ghosts
  A vampire mosquito (D:13)
  The ghost of Harvester the Changer, an amateur OpTm (D:3)
  A warg (Orc:2)
  63 nagas
  An acid dragon (D:15)
  A soldier ant (D:15)
  8 water moccasins
  3 hell hounds (Elf:1)
  An ice beast (shapeshifter) (D:14)
  15 porcupines
  A hornet zombie (D:14)
  29 orc warriors
  A swamp drake (D:12)
  2 sky beasts
  2 ice beasts
  3 black bears
  An eye of draining (D:9)
  2 phantoms
  2 necrophages (D:10)
  4 boggarts (Lair:6)
  27 wolves
  21 ogres
  An ogre (shapeshifter) (D:15)
  21 centaurs
  9 crocodiles
  2 big kobolds (D:14)
  11 bullfrogs
  5 scorpions
  10 killer bees
  10 howler monkeys
  16 electric eels
  3 wights (D:15)
  2 bullfrog zombies
  4 lava snakes (Lair:4)
  10 crimson imps
  7 hounds
  4 jellies
  A jelly (shapeshifter) (D:15)
  Crazy Yiuf (D:2)
  18 orc priests
  5 iguanas
  23 orc wizards
  5 bullfrog skeletons
  11 worker ants
  A killer bee zombie (D:6)
  A hound zombie (D:6)
  3 hound skeletons
  2 worker ant zombies
  Robin (D:2)
  11 adders
  5 shadow imps
  12 white imps (Orc:1)
  An ooze (D:3)
  An adder zombie (D:6)
  An adder skeleton (D:4)
  3 worms
  3 dart slugs
  7 leopard geckos
  86 orcs
  12 bats
  4 giant cockroaches
  27 goblins
  10 hobgoblins
  6 jackals
  13 kobolds
  6 quokkas
  A ball python (D:4)
  A ball python skeleton (D:4)
  4 frilled lizards
  A jackal skeleton (D:6)
  A quokka skeleton (D:5)
  15 rats
  7 plants
  A tentacle (Shoals:3)
1308 creatures vanquished.

Vanquished Creatures (collateral kills)
  2 hydras
  A centaur warrior (D:15)
  2 dancing weapons (Elf:2)
  A deep elf archer (Elf:2)
  An orc knight (Orc:2)
  An elephant (Lair:5)
  A naga mage (Snake:2)
  A polar bear (Lair:6)
  A fire elemental (Elf:2)
  A yak (D:15)
  2 orc warriors (Orc:2)
  2 black bears (Lair:6)
  An orc priest (Orc:2)
  3 orcs (Orc:2)
20 creatures vanquished.

Vanquished Creatures (others)
  2 nagarajas (Snake:4)
  A very ugly thing (Depths:1)
  A merfolk javelineer (Shoals:4)
  2 merfolk impalers
  2 naga warriors
  An anaconda (Snake:3)
  A centaur warrior (D:15)
  An alligator snapping turtle (Shoals:3)
  A death yak (Lair:6)
  2 naga sharpshooters
  A shock serpent (Snake:1)
  A deep elf knight (Elf:2)
  A salamander mystic (Snake:4)
  4 sea snakes
  A deep troll (D:15)
  3 orc knights
  A deep elf archer (Elf:2)
  A harpy (Shoals:1)
  A cyclops (D:12)
  3 deep elf magi
  A manticore (Shoals:1)
  An ugly thing (D:13)
  A salamander (Snake:4)
  A faun (Shoals:4)
  4 black mambas
  A water nymph (Shoals:4)
  4 elephants
  4 naga magi
  A torpor snail (shapeshifter) (D:13)
  3 spiny frogs
  A polar bear (Lair:6)
  A hornet (D:10)
  A wind drake (Shoals:2)
  A snapping turtle (Shoals:2)
  A hippogriff (Lair:5)
  A spriggan (Lair:6)
  A water elemental (Shoals:1)
  A wraith (D:15)
  A basilisk (Lair:1)
  3 yaks
  A human (D:13)
  A hungry ghost (D:13)
  2 nagas (Snake:4)
  3 orc warriors
  An ogre (Orc:2)
  A killer bee (D:11)
  A lava snake (Lair:4)
  2 orc wizards (D:12)
  An orc (D:12)
  5 fungi
  56 plants
  20 tentacles (Shoals:3)
158 creatures vanquished.

Grand Total: 1486 creatures vanquished

Notes
Turn   | Place    | Note
-------+----------+-------------------------------------------
     0 | D:1      | shitimlost the Gargoyle Gladiator began the quest for the Orb.
     0 | D:1      | Reached XP level 1. HP: 12/12 MP: 1/1
    42 | D:1      | Reached XP level 2. HP: 16/18 MP: 2/2
   728 | D:2      | Reached XP level 3. HP: 21/22 MP: 3/3
   864 | D:2      | Found a runed door.
   868 | D:2      | Noticed Crazy Yiuf
   878 | D:2      | Killed Crazy Yiuf
   878 | D:2      | Reached XP level 4. HP: 27/27 MP: 4/4
   970 | D:2      | Reached skill level 3 in Fighting
  1500 | D:2      | Noticed Robin
  1591 | D:2      | Killed Robin
  1591 | D:2      | Reached XP level 5. HP: 31/32 MP: 5/5
  2118 | D:3      | Noticed Harvester's ghost (amateur OpTm)
  2145 | D:3      | Killed Harvester's ghost
  2145 | D:3      | Reached XP level 6. HP: 30/38 MP: 6/6
  2255 | D:3      | Found an opulent altar of Gozag.
  2349 | D:3      | Found a faded altar of an unknown god.
  2386 | D:3      | Reached skill level 4 in Fighting
  2547 | D:3      | Noticed a moth of wrath
  2550 | D:3      | Found a bloodstained altar of Trog.
  2674 | D:3      | HP: 1/38 [something (4)]
  2870 | D:3      | Reached XP level 7. HP: 28/43 MP: 7/7
  3650 | D:4      | Found a sacrificial altar of Ru.
  3892 | D:5      | Entered Level 5 of the Dungeon
  4137 | D:5      | Found a staircase to the Ecumenical Temple.
  4144 | Temple   | Entered the Ecumenical Temple
  4223 | Temple   | Became a worshipper of Qazlal Stormbringer
  4315 | D:5      | Reached skill level 5 in Staves
  4685 | D:5      | Reached skill level 5 in Fighting
  4691 | D:5      | Reached XP level 8. HP: 43/49 MP: 8/8
  4707 | D:5      | Noticed gressup's ghost (amateur FeTm)
  4743 | D:5      | Killed gressup's ghost
  4838 | D:5      | Found a deep blue altar of Sif Muna.
  5325 | D:5      | Found a glowing golden altar of the Shining One.
  5548 | D:6      | Found a shimmering altar of Xom.
  5560 | D:6      | Reached skill level 5 in Dodging
  5724 | D:6      | Reached skill level 6 in Fighting
  5724 | D:6      | Reached skill level 5 in Throwing
  5738 | D:6      | Reached * piety under Qazlal
  5757 | D:6      | Noticed a wyvern
  5757 | D:6      | an ogre changed into a wyvern
  5759 | D:6      | a wyvern changed into a tengu
  5763 | D:6      | Noticed a hornet
  5763 | D:6      | a tengu changed into a hornet
  5767 | D:6      | Killed a hornet
  5767 | D:6      | Reached XP level 9. HP: 16/56 MP: 9/9
  6267 | D:6      | Reached skill level 7 in Fighting
  6385 | D:6      | Noticed a catoblepas
  6399 | D:6      | Killed a catoblepas
  6399 | D:6      | Reached skill level 8 in Fighting
  6933 | D:6      | Got a scintillating copper ring
  6934 | D:6      | Identified the ring "Xauss" {rPois rC+ MR+ Int+4 Slay+2} (You found it on level 6 of the Dungeon)
  7789 | D:7      | Reached ** piety under Qazlal
  7879 | D:7      | Noticed Joseph
  7894 | D:7      | Killed Joseph
  7894 | D:7      | Reached skill level 9 in Fighting
  7894 | D:7      | Reached XP level 10. HP: 62/66 MP: 10/10
  8050 | D:7      | Noticed tboon's ghost (novice MiFi)
  8724 | D:7      | Killed tboon's ghost
  8760 | D:7      | Reached skill level 10 in Fighting
  8994 | D:7      | Found a glowing silver altar of Zin.
  8995 | D:7      | Noticed an angel
  9560 | D:8      | Identified a +0 rod of clouds (12/12) (You took it off an orc wizard on level 8 of the Dungeon)
  9619 | D:9      | Reached skill level 10 in Staves
  9644 | D:9      | Found a sparkling altar of Nemelex Xobeh.
  9780 | D:9      | Reached *** piety under Qazlal
  9895 | D:9      | Found a basalt altar of Yredelemnul.
 10012 | D:9      | Reached XP level 11. HP: 72/72 MP: 11/11
 10385 | D:9      | Found a deep blue altar of Sif Muna.
 10586 | D:9      | Found an iron altar of Okawaru.
 10586 | D:9      | Found a radiant altar of Vehumet.
 10592 | D:9      | Found a blossoming altar of Fedhas.
 10594 | D:9      | Found a hazy altar of Hepliaklqana.
 10830 | D:10     | Entered Level 10 of the Dungeon
 10981 | D:10     | Found Coikes's Jewellery Emporium.
 11034 | D:10     | Got a smoking ring mail
 11045 | D:10     | Identified the +4 ring mail "Lynte" {*Drain Dex+3} (You found it on level 10 of the Dungeon)
 11108 | D:10     | Reached **** piety under Qazlal
 11291 | D:10     | Identified a scroll of acquirement
 11335 | D:10     | Killed an unseen horror
 11744 | D:11     | Noticed a manticore
 11763 | D:11     | Found Leheitod's Assorted Antiques.
 11779 | D:11     | Noticed VonBacon's ghost (journeyman FoFi)
 11990 | D:11     | Killed VonBacon's ghost
 11993 | D:11     | Noticed a cyclops
 12012 | D:11     | Killed a cyclops
 12042 | D:11     | Bought a scroll labeled WOCRES OGIEVAI for 29 gold pieces
 12254 | D:11     | Noticed a green ugly thing
 12259 | D:11     | Killed a green ugly thing
 12296 | D:11     | Killed a manticore
 12359 | D:11     | Found a staircase to the Lair.
 12399 | Lair:1   | Entered Level 1 of the Lair of Beasts
 12399 | Lair:1   | Noticed a five-headed hydra
 12418 | Lair:1   | Reached XP level 12. HP: 51/77 MP: 12/12
 12477 | Lair:1   | Reached skill level 1 in Armour
 12477 | Lair:1   | Reached skill level 1 in Invocations
 12479 | Lair:1   | Reached skill level 1 in Slings
 12488 | Lair:1   | HP: 1/77 [eight-headed hydra (9)]
 12496 | Lair:1   | HP: 2/77 [eight-headed hydra (2)]
 13075 | Lair:1   | Killed a 14-headed hydra
 13228 | Lair:1   | Noticed a seven-headed hydra
 13245 | Lair:1   | Killed a nine-headed hydra
 14350 | Lair:2   | Reached skill level 11 in Fighting
 14544 | Lair:3   | Found a staircase to the Shoals.
 14596 | Lair:3   | Reached skill level 5 in Armour
 14596 | Lair:3   | Reached skill level 5 in Invocations
 14648 | Lair:3   | Noticed Snorg
 14673 | Lair:3   | Noticed a five-headed hydra
 14690 | Lair:3   | Killed a nine-headed hydra
 14690 | Lair:3   | Reached XP level 13. HP: 71/84 MP: 11/17
 14715 | Lair:3   | Killed Snorg
 14916 | Lair:3   | Reached skill level 5 in Slings
 15910 | Lair:4   | Noticed Nergalle
 15923 | Lair:4   | Killed Nergalle
 15977 | Lair:4   | Reached skill level 12 in Fighting
 16145 | Lair:4   | Found a staircase to the Snake Pit.
 17250 | Lair:5   | Gained mutation: Your large and strong wings let you fly indefinitely. [Gargoyle growth]
 17250 | Lair:5   | Reached XP level 14. HP: 70/92 MP: 20/20
 17530 | Lair:6   | Entered Level 6 of the Lair of Beasts
 18349 | Lair:6   | Reached skill level 13 in Fighting
 18423 | Lair:6   | Got a crude lead ring
 18425 | Lair:6   | Identified the ring of Summertime {*Slow rElec rPois Stlth+} (You found it on level 6 of the Lair of Beasts)
 19652 | Lair:6   | Reached skill level 10 in Invocations
 19684 | Lair:6   | Reached skill level 10 in Armour
 19821 | D:10     | Bought the ring of Light {MP+9 Dex+4} for 424 gold pieces
 19821 | D:10     | Bought an uncursed amulet of guardian spirit for 360 gold pieces
 20269 | Lair:6   | Got a glittering ivory ring
 20271 | Lair:6   | Identified the ring "Bakley" {Wiz MR- Int+4 Slay+2} (You found it on level 6 of the Lair of Beasts)
 20436 | Lair:6   | Found a viscous altar of Jiyva.
 20436 | Lair:6   | Found a staircase to the Slime Pits.
 21420 | D:12     | Reached skill level 14 in Fighting
 21845 | D:12     | Reached XP level 15. HP: 100/100 MP: 23/23
 22128 | D:12     | Found a staircase to the Orcish Mines.
 22647 | D:13     | Found Lepigy's Food Emporium.
 22812 | D:13     | Got a transparent scale mail
 23119 | D:13     | Found a gate to the Vaults.
 23182 | D:13     | Found a runed door.
 23992 | D:15     | Entered Level 15 of the Dungeon
 24003 | D:15     | Reached skill level 10 in Throwing
 24135 | D:15     | Reached ***** piety under Qazlal
 24763 | D:15     | Found a staircase to the Depths.
 25352 | Orc:1    | Entered Level 1 of the Orcish Mines
 25355 | Orc:1    | Reached XP level 16. HP: 106/106 MP: 24/24
 25463 | Orc:2    | Entered Level 2 of the Orcish Mines
 25531 | Orc:2    | Found a staircase to the Elven Halls.
 26720 | Orc:2    | Found Hise's General Store.
 26720 | Orc:2    | Found Vaofady's Book Shop.
 26721 | Orc:2    | Found Amecis's Distillery.
 26721 | Orc:2    | Found Koweiw's Jewellery Shop.
 26731 | Orc:2    | Bought a potion of heal wounds for 85 gold pieces
 27145 | Orc:1    | Identified the cursed +1 scale mail of True Grit {rCorr Dex+2} (You took it off a human on level 13 of the Dungeon)
 27290 | Elf:1    | Entered Level 1 of the Elven Halls
 27473 | Elf:1    | Noticed Azrael
 27593 | Elf:1    | Killed Azrael
 28070 | Elf:1    | Found Rewec's Jewellery Emporium.
 28071 | Elf:1    | Found Rynkaats's Gadget Shop.
 28071 | Elf:1    | Found Xulit's Gadget Shop.
 28089 | Elf:1    | Noticed Asterion
 28095 | Elf:1    | Banished Asterion
 29082 | Elf:1    | Reached skill level 1 in Evocations
 29181 | Elf:1    | Reached skill level 15 in Fighting
 29585 | Elf:2    | Reached XP level 17. HP: 73/113 MP: 24/26
 29869 | Elf:2    | Noticed a deep elf blademaster
 29875 | Elf:2    | Noticed Saint Roka
 29899 | Elf:2    | Found a runed gate.
 29899 | Elf:2    | Found a runed gate.
 29899 | Elf:2    | Found a runed gate.
 29965 | Elf:2    | Reached skill level 5 in Evocations
 30694 | Elf:1    | Bought a disc of storms for 320 gold pieces
 30698 | Elf:1    | Bought a lamp of fire for 640 gold pieces
 30962 | Snake:1  | Entered Level 1 of the Snake Pit
 31165 | Snake:1  | Reached skill level 16 in Fighting
 32611 | Snake:3  | Noticed Louise
 33158 | Snake:3  | Reached skill level 17 in Fighting
 33499 | Snake:3  | Killed Louise
 33499 | Snake:3  | Reached XP level 18. HP: 108/123 MP: 18/27
 33631 | Snake:3  | Found a stormy altar of Qazlal.
 33761 | Snake:3  | Found Iteynlie's Book Emporium.
 33877 | Snake:3  | Learned a level 3 spell: Stone Arrow
 33883 | Snake:3  | Learned a level 5 spell: Lee's Rapid Deconstruction
 33965 | Snake:4  | Entered Level 4 of the Snake Pit
 34055 | Snake:4  | Reached skill level 1 in Earth Magic
 34693 | Snake:4  | Reached skill level 5 in Earth Magic
 34709 | Snake:4  | Noticed Vashnia
 35241 | Snake:4  | Reached skill level 18 in Fighting
 35241 | Snake:4  | Reached skill level 10 in Evocations
 35324 | Snake:4  | Killed Vashnia
 35893 | Snake:4  | Reached XP level 19. HP: 123/131 MP: 28/28
 36271 | Snake:4  | Got a serpentine rune of Zot
 36763 | Shoals:1 | Entered Level 1 of the Shoals
 38396 | Shoals:2 | Reached skill level 10 in Earth Magic
 39195 | Shoals:3 | Noticed Jorgrun
 39227 | Shoals:3 | Killed Jorgrun
 40365 | Shoals:4 | Entered Level 4 of the Shoals
 41787 | Shoals:4 | Reached XP level 20. HP: 54/137 MP: 17/29
 42439 | Shoals:4 | Noticed Ilsuiw
 42870 | Shoals:4 | Killed Ilsuiw
 42992 | Shoals:4 | Got a barnacled rune of Zot
 43846 | Orc:2    | Bought a potion of might for 56 gold pieces
 43846 | Orc:2    | Bought a potion of haste for 140 gold pieces
 43846 | Orc:2    | Bought a potion of haste for 140 gold pieces
 43846 | Orc:2    | Bought a potion of heal wounds for 70 gold pieces
 43846 | Orc:2    | Bought a potion of might for 56 gold pieces
 43980 | Elf:1    | Bought a fan of gales for 640 gold pieces
 44229 | Depths:1 | Entered Level 1 of the Depths
 44239 | Depths:1 | Found a one-way gate leading to the halls of Pandemonium.
 44715 | Depths:1 | Reached skill level 10 in Dodging
 44820 | Depths:1 | Found a corrupted altar of Lugonu.
 44821 | Depths:1 | Found a one-way gate to the infinite horrors of the Abyss.
 44878 | Depths:1 | Noticed a juggernaut
 44911 | Depths:1 | HP: 6/137 [juggernaut (35)]
 44913 | Depths:1 | Killed from afar by a deep troll earth mage

Vault maps used:
D:1:      ncdulo_halloftheorcs, patterned_corridor
D:2:      kennysheep_goblin_castle, uniq_crazy_yiuf_cottage
D:3:      tgw_trog, grunt_gozag_breadcrumbs, first_bread,
          chequers_ecumenical_altar_simple_redux, minmay_box_of_dots
D:4:      nicolae_ru_path_of_blood, hangedman_minor_gate_pass
D:5:      minmay_diamond_boxcup, lemuel_coloured_pillars_altar, basic_altar
D:6:      cheibrodos_two_vegetables, old_standard_altar
D:7:      zin_angel, the_bakery, minmay_misc_feat_tiny, uniq_joseph
D:9:      kennysheep_little_box, minitemple, led_sif_book
D:10:     nicolae_whirlpool, serial_shops, nicolae_shop_waterfront,
          kennysheep_big_empty_room, st_stairs_9
D:11:     david_lair_generic, serial_shops, shop
D:12:     erik_orc_1
D:13:     grunt_vaults_entry_tiered, serial_shops, nicolae_shop_crystal,
          lightli_airlock
D:14:     roderic_lattice_octagonal_star
D:15:     gammafunk_enter_depths_forms, nrook_uturn
Temple:   nicolae_temple_figure_zero
Lair:1:   grunt_megastairs_1, serial_bayou_shore_b, infiniplex_staircase_pool
Lair:2:   serial_bayou_pond_a, lemuel_fruit_tree
Lair:3:   shoals_dummy_entry, serial_bayou_pond_e, uniq_snorg
Lair:4:   cheibrodos_magma_flow, minmay_snake_entry_guardpost_small,
          disabler_island, serial_bayou_shore_b, infiniplex_staircase_pool_2,
          uniq_nergalle
Lair:6:   minmay_lair_end_enchanted_forest, dpeg_slime_entry_enclosed_altar,
          serial_bayou, serial_bayou_lagoon_b, serial_bayou_lake_a,
          serial_bayou_lagoon_a, serial_bayou_shore_b
Shoals:1: dpeg_stationary_puzzle
Shoals:3: nicolae_shoals_dead_sea_scrolls, uniq_jorgrun
Shoals:4: shoals_end_grunt_garden, shoals_ilsuiw_alternative
Snake:2:  guppyfry_snake_island
Snake:3:  basic_altar, serial_shops, shop, uniq_louise
Snake:4:  johnstein_snake_rune_scales, uniq_vashnia
Orc:1:    cheibrodos_orc_bank, portal_ice_cave_entry_imps, uniq_erolcha
Orc:2:    st_orc_pillars
Elf:1:    eino_elf_arrival_shootout, evilmike_minifort, minmay_shop_grove,
          uniq_azrael, uniq_asterion
Elf:2:    grunt_ministairs_6, uniq_saint_roka
Depths:1: abyss_entry_flame_altar, lightli_too_deep, pan_entry,
          minmay_misc_feat_hallway, minmay_pinched_square, grunt_megastairs_3

Skill      XL: |  1  2  3  4  5  6  7  8  9 10 11 12 13 14 15 16 17 18 19 20 |
---------------+-------------------------------------------------------------+-----
Throwing       | 2 3 4 5 11 13 | 13.0
Dodging        | 3 4 5 8 10 | 10.2
Fighting       | 3 4 5 6 9 10 11 12 14 15 17 18 | 18.4
Staves         | 4 5 6 8 11 14 | 14.5
Armour         | 5 8 10 | 10.0
Invocations    | 5 8 10 12 | 12.0
Slings         | 4 6 7 |  7.0
Evocations     | 3 8 10 | 10.8
Earth Magic    | 7 12 14 | 14.1

Action                   |  1- 3 |  4- 6 |  7- 9 | 10-12 | 13-15 | 16-18 | 19-21 || total
-------------------------+-------+-------+-------+-------+-------+-------+-------++-------
Melee: Quarterstaff      |    57 |   151 |   231 |   218 |       |       |       ||   657
       Lajatang          |       |       |       |   289 |  1109 |  1469 |   921 ||  3788
 Fire: Hunting sling     |       |    36 |    72 |   118 |       |       |       ||   226
Throw: Throwing net      |     2 |       |     2 |       |       |       |     7 ||    11
       Tomahawk          |       |       |     3 |    12 |    61 |    76 |    81 ||   233
       Stone             |       |       |       |       |    12 |       |       ||    12
       Javelin           |       |       |       |       |       |       |    39 ||    39
 Cast: Lee's Rapid Decon |       |       |       |       |       |       |     1 ||     1
Invok: Upheaval          |       |       |       |     7 |    17 |    23 |     8 ||    55
       Elemental Force   |       |       |       |     1 |     8 |     6 |       ||    15
 Abil: Fly               |       |       |       |       |     1 |       |       ||     1
Evoke: Wand              |       |       |     2 |    12 |     3 |    22 |    41 ||    80
       Disc of storms    |       |       |       |       |       |       |     1 ||     1
       Lamp of fire      |       |       |       |       |       |       |     1 ||     1
  Use: Scroll            |       |     5 |    15 |    14 |    16 |    19 |    18 ||    87
       Potion            |       |     1 |     1 |     8 |     4 |    10 |     9 ||    33
 Stab: Held in net/web   |       |       |     1 |       |       |       |     1 ||     2
       Petrified         |       |       |     3 |       |       |       |       ||     3
       Petrifying        |       |       |     1 |       |       |       |       ||     1
       Confused          |       |       |       |     1 |       |       |       ||     1
       Distracted        |       |       |       |       |     1 |     1 |       ||     2
       Invisible         |       |       |       |       |       |     2 |       ||     2
  Eat: Chunk             |       |     6 |    12 |    17 |    15 |    14 |     7 ||    71
       Pizza             |       |       |     1 |     1 |     2 |     6 |     1 ||    11
       Fruit             |       |       |     2 |     1 |    17 |     3 |       ||    23
       Beef jerky        |       |       |     1 |       |     1 |       |       ||     2
       Royal jelly       |       |       |       |     1 |       |       |     1 ||     2
       Bread ration      |       |       |       |       |     1 |       |     2 ||     3
       Meat ration       |       |       |       |       |       |     2 |     2 ||     4
Armor: Leather armour    |    31 |    79 |    39 |    97 |       |       |       ||   246
       Ring mail         |       |       |    26 |   173 |   570 |   648 |   597 ||  2014
Dodge: Dodged            |    47 |   131 |   151 |   291 |   583 |   776 |   787 ||  2766
       Deflected         |       |       |       |     4 |    20 |   153 |   145 ||   322
Block: Other             |       |       |     3 |    92 |   221 |   332 |   272 ||   920
